 Dungeon Sprint DCSS version 0.28.0-53-g5a82cb258f (webtiles) character file.

Game seed: 12932606066339589191

17 Zeld the Conjurer (level 2, 0/15 HPs)
             Began as a Deep Elf Conjurer on May 27, 2022.
             Was a Believer of Sif Muna.
             Slain by a bullfrog (2 damage)
             ... in the Dungeon (Sprint VII: "The Pits").
             The game lasted 00:00:46 (288 turns).

Zeld the Conjurer (Deep Elf Conjurer)                Turns: 288, Time: 00:00:46

Health: 0/15       AC:  2    Str:  4    XL:     2   Next: 44%
Magic:  6/10       EV: 13    Int: 22    God:    Sif Muna [**....]
Gold:   0          SH:  0    Dex: 13    Spells: 8/11 levels left

rFire   . . .      SeeInvis .   a - +2 quarterstaff
rCold   . . .      Faith    .   (shield currently unavailable)
rNeg    . . .      Spirit   .   h - +0 robe
rPois   .          Reflect  .   (no helmet)
rElec   .          Harm     .   (no cloak)
rCorr   .          Rampage  .   (no gloves)
Will    .....      NoTele   +   (no boots)
Stlth   ++........              (no amulet)
HPRegen 0.05/turn               (no ring)
MPRegen 0.12/turn               (no ring)

@: no status effects
A: no striking features
a: Renounce Religion, Channel Magic


You were in the Dungeon.
You worshipped Sif Muna.
Sif Muna was pleased with you.
You visited 1 branch

Inventory:

Hand Weapons
 a - a +2 quarterstaff (weapon)
Armour
 h - a +0 robe (worn)
Scrolls
 g - a scroll of blinking
 j - 5 scrolls of amnesia
 k - a scroll of summoning
Potions
 b - a potion of curing
 c - a potion of heal wounds
 d - a potion of haste
 e - 4 potions of magic
 f - 3 potions of berserk rage
 i - 2 potions of invisibility


   Skills:
 + Level 3.5 Dodging
 - Level 2.4 Stealth
 * Level 5.1 Spellcasting
 * Level 5.6 Conjurations


You had 8 spell levels left.
You knew the following spells:

 Your Spells              Type           Power      Damage    Failure   Level
a - Magic Dart            Conj           100%       1d8       1%          1
b - Searing Ray           Conj           60%        2d6       1%          2

Your spell library contained the following spells:

 Spells                   Type           Power      Damage    Failure   Level
 Dazzling Flash           Conj/Hex       36%        N/A       10%         3
 Fulminant Prism          Conj/Hex       9%         3d7       30%         4
 Iskenderun's Mystic Bla  Conj/Tloc      18%        2d6       30%         4


Dungeon Overview and Level Annotations

Branches:
Dungeon (1/1)

Altars:
Ashenzari
Cheibriados
Dithmenos
Elyvilon
Fedhas
Gozag
Hepliaklqana
Kikubaaqudgha
Makhleb
Nemelex Xobeh
Okawaru
Qazlal
Ru
Sif Muna
Trog
Uskayaw
Vehumet
Wu Jian
Xom
Yredelemnul
Zin
The Shining One
Beogh
Jiyva
Lugonu


Message History

The ufetubus hits you. The bullfrog hits you.
There is an open door here.
The frilled lizard unfolds its giant frill.
The ufetubus misses you. The ufetubus barely misses you.
Casting: Searing Ray (safe; 1% risk of failure)
Confirm with . or Enter, or press ? or * to list all spells.
Aiming: Searing Ray (safe; 1% risk of failure)
Press: ? - help, Shift-Dir - straight line, f - kobold
Aim: a kobold, wielding a +0 short sword (74% to hit)
The searing ray hits the ufetubus.
The ufetubus is moderately wounded.
The searing ray hits the bullfrog!
The bullfrog is moderately wounded.
The searing ray hits the kobold!
You kill the kobold!
Sif Muna accepts your kill. (Press . to maintain the ray.)
The ufetubus completely misses you. The ufetubus hits you.
The bullfrog misses you.
Casting: Searing Ray (safe; 1% risk of failure)
Confirm with . or Enter, or press ? or * to list all spells.
You don't know that spell.
The ufetubus misses you. The ufetubus closely misses you. x2
The ufetubus hits you.
* * * LOW HITPOINT WARNING * * *
You see here a hobgoblin corpse.
The bullfrog closely misses you.
There is an open door here.
Casting: Searing Ray (safe; 1% risk of failure)
Confirm with . or Enter, or press ? or * to list all spells.
Aiming: Searing Ray (safe; 1% risk of failure)
Press: ? - help, Shift-Dir - straight line The searing ray hits the bullfrog!
The bullfrog is severely wounded.
The searing ray hits the ufetubus!
You kill the ufetubus!
Sif Muna accepts your kill. (Press . to maintain the ray.)
The bullfrog hits you.
You die...

#_________.#
#_________.#
#_______...###########++
##########'##...........
#.?(.')))'.##......#..#.
##########.##...........
#...........'...........
#+#####'#####).....#..#.
#..@F.##...........
#####'#####'#####++
#..5†l##.......#
#.....##.......#
###'####.......#
#..)..##...<...#
#........##.......#
#........##.......#
###########.......#


You could see a bullfrog.

Vanquished Creatures
  A gnoll (D)
  An ufetubus (D)
  A bat zombie (D)
  2 endoplasms (D)
  A hobgoblin (D)
  A kobold (D)
7 creatures vanquished.

Notes
Turn   | Place    | Note
-------+----------+-------------------------------------------
     0 | D        | Zeld the Deep Elf Conjurer began the quest for the Orb.
     0 | D        | Reached XP level 1. HP: 10/10 MP: 6/6
    54 | D        | Reached skill level 5 in Conjurations
    54 | D        | Reached XP level 2. HP: 15/15 MP: 2/9
    58 | D        | Learned a level 2 spell: Searing Ray
   117 | D        | Found a bloodstained altar of Trog.
   117 | D        | Found a shimmering blue altar of Sif Muna.
   117 | D        | Found a viscous altar of Jiyva.
   117 | D        | Found a hazy altar of Hepliaklqana.
   117 | D        | Found an opulent altar of Gozag.
   118 | D        | Found a glowing golden altar of the Shining One.
   118 | D        | Found a glowing silver altar of Zin.
   118 | D        | Found a basalt altar of Yredelemnul.
   118 | D        | Found a shimmering altar of Xom.
   118 | D        | Found an ornate altar of the Wu Jian Council.
   118 | D        | Found a sacrificial altar of Ru.
   118 | D        | Found a stormy altar of Qazlal.
   118 | D        | Found an iron altar of Okawaru.
   118 | D        | Found a sparkling altar of Nemelex Xobeh.
   118 | D        | Found a burning altar of Makhleb.
   118 | D        | Found a blossoming altar of Fedhas.
   118 | D        | Found a white marble altar of Elyvilon.
   118 | D        | Found a shadowy altar of Dithmenos.
   118 | D        | Found a snail-covered altar of Cheibriados.
   119 | D        | Found a radiant altar of Vehumet.
   119 | D        | Found a corrupted altar of Lugonu.
   120 | D        | Found a hide-covered altar of Uskayaw.
   120 | D        | Found an ancient bone altar of Kikubaaqudgha.
   120 | D        | Found a broken altar of Ashenzari.
   122 | D        | Became a worshipper of Sif Muna the Loreminder
   222 | D        | Reached * piety under Sif Muna
   223 | D        | Reached skill level 5 in Spellcasting
   278 | D        | Noticed a bullfrog
   288 | D        | Reached ** piety under Sif Muna
   288 | D        | Slain by a bullfrog

Illustrated notes

Levels and vault maps discovered:
D:        pitsprint [storerooms_1, entrance_room_1, metal_vault_2, armoury_1,
          mini_pit_1, grid_room_1, main_hall_1, silver_pit, the_coven_3,
          the_vestibule_1, steel_vault_4, golden_pit, hallway_of_sentries,
          crystal_vault_2, iron_vault_1, final_vault]

Skill      XL: |  1  2 |
---------------+-------+-----
Dodging        | 3 |  3.5
Spellcasting   | 4 5 |  5.1
Conjurations   | 5 |  5.6
Stealth        | |  2.4

Action                   || total
-------------------------++-------
 Cast: Magic Dart        ||     4
       Searing Ray       ||     4
Armor: Robe              ||     2
Dodge: Dodged            ||    15
